General information
- name: BNet
- type: Ladder team game (AT/RT)
- host: Battle.net
- saver: VictrixInvictus
map: TwilightRuins
- players: 8
- length: 45:44
- speed: Fast
- version: 1.26 W3XP
- replay type: Public
» download(238 KB)
Players
team 1 (winner)
diksaxet (
green | 18 APM | 826 actions | 45:43)
3 Keeper of the Grove
1 Force of Nature
2 Entangling Roots
3 Demon Hunter
2 Immolation
1 Evasion
2 Death Knight
1 Unholy Aura
1 Death Coil
» actions
| Basic commands | 17 | |
| Build / train | 87 | |
| Enter build submenu | 35 | |
| Enter hero's abilities submenu | 8 | |
| Remove unit from queue | 2 | |
| Right click | 217 | |
| Select / deselect | 382 | |
| Use ability | 78 | |
826 total
» units
| Wisp | 19 | |
| Archer | 9 | |
| Ghoul | 2 | |
| Hippogryph | 13 | |
| Crypt Fiend | 3 | |
| Frost Wyrm | 6 | |
| Acolyte | 1 | |
| Chimaera | 8 | |
61 total
» upgrades
| Hippogryph Taming | 1 | |
| Corrosive Breath | 1 | |
2 total
» buildings
| Altar of Elders | 1 | |
| Moon Well | 6 | |
| Ancient of War | 1 | |
| Ancient of Wonders | 1 | |
| Tree of Ages | 1 | |
| Hunter's Hall | 1 | |
| Halls of the Dead | 1 | |
| Ziggurat | 6 | |
| Nerubian Tower | 1 | |
| Spirit Tower | 2 | |
| Tree of Life | 2 | |
| Ancient of Wind | 2 | |
| Black Citadel | 1 | |
| Sacrificial Pit | 1 | |
| Tree of Eternity | 1 | |
| Tomb of Relics | 1 | |
| Boneyard | 3 | |
| Chimaera Roost | 3 | |
35 total
» build order
00:09 Altar of Elders
00:15 Moon Well
00:25 Ancient of War
01:35 Moon Well
02:03 Ancient of Wonders
03:20 Tree of Ages
03:34 Hunter's Hall
03:59 Halls of the Dead
04:26 Moon Well
04:36 Ziggurat
04:38 Nerubian Tower
04:44 Spirit Tower
05:43 Tree of Life
06:03 Ancient of Wind
06:09 Ancient of Wind
06:33 Black Citadel
06:34 Spirit Tower
06:39 Sacrificial Pit
06:53 Tree of Eternity
07:00 Moon Well
07:23 Ziggurat
07:35 Ziggurat
08:41 Tomb of Relics
08:56 Moon Well
09:10 Boneyard
09:18 Boneyard
09:21 Boneyard
09:25 Ziggurat
09:27 Ziggurat
09:30 Ziggurat
09:46 Chimaera Roost
09:50 Chimaera Roost
10:22 Chimaera Roost
10:26 Moon Well
15:12 Tree of Life
» items
| Scroll of Town Portal | 3 | |
| Rod of Necromancy | 1 | |
| Scroll of Healing | 1 | |
| Potion of Healing | 1 | |
6 total
DlCKSKIN (
red | 16 APM | 19 actions | 01:09)
» actions
| Build / train | 2 | |
| Enter build submenu | 3 | |
| Right click | 5 | |
| Select / deselect | 6 | |
| Use ability | 3 | |
19 total
» units
» buildings
| Ziggurat | 1 | |
| Altar of Darkness | 1 | |
| Crypt | 1 | |
3 total
» build order
00:11 Ziggurat
00:14 Altar of Darkness
00:34 Crypt
VictrixInvictus (
yellow | 127 APM | 5802 actions | 45:44)
10 Archmage
3 Summon Water Elemental
3 Brilliance Aura
1 Mass Teleport
3 Blizzard
» actions
| Assign group hotkey | 116 | |
| Basic commands | 338 | |
| Build / train | 260 | |
| ESC pressed | 5 | |
| Enter build submenu | 134 | |
| Enter hero's abilities submenu | 10 | |
| Give item / drop item | 13 | |
| Right click | 1626 | |
| Select / deselect | 656 | |
| Select group hotkey | 2247 | |
| Use ability | 397 | |
5802 total
» units
| Peasant | 34 | |
| Footman | 13 | |
| Goblin Shredder | 7 | |
| Gryphon Rider | 8 | |
| Dragonhawk Rider | 4 | |
66 total
» upgrades
| Defend | 1 | |
| Masonry | 3 | |
| Lumber Harvesting | 2 | |
| Swords | 3 | |
| Armor | 4 | |
| Animal War Training | 1 | |
| Creature Carapace | 2 | |
| Creature Attack | 1 | |
| Storm Hammers | 1 | |
| Cloud | 1 | |
| Plating | 3 | |
| Gunpowder | 3 | |
| Magic Sentry | 1 | |
| Sorceress Training | 1 | |
| Priest Training | 1 | |
| Control Magic | 1 | |
| Long Rifles | 1 | |
| Backpack | 1 | |
31 total
» buildings
| Altar of Kings | 1 | |
| Barracks | 1 | |
| Farm | 11 | |
| Ziggurat | 1 | |
| Town Hall | 5 | |
| Lumber Mill | 1 | |
| Scout Tower | 99 | |
| Arcane Tower | 9 | |
| Arcane Vault | 2 | |
| Keep | 3 | |
| Guard Tower | 88 | |
| Blacksmith | 1 | |
| Castle | 2 | |
| Gryphon Aviary | 5 | |
| Arcane Sanctum | 1 | |
230 total
» build order
00:06 Altar of Kings
00:09 Barracks
00:21 Farm
00:54 Farm
01:30 Farm
01:49 Ziggurat
02:58 Farm
03:23 Town Hall
03:41 Lumber Mill
03:57 Scout Tower
04:30 Arcane Tower
04:30 Arcane Tower
05:32 Farm
05:38 Arcane Vault
06:11 Scout Tower
06:12 Scout Tower
06:13 Scout Tower
06:14 Scout Tower
06:15 Scout Tower
06:18 Scout Tower
06:20 Scout Tower
06:30 Keep
06:30 Keep
06:57 Guard Tower
06:57 Guard Tower
07:28 Guard Tower
07:57 Blacksmith
08:27 Scout Tower
08:28 Scout Tower
08:32 Scout Tower
08:36 Scout Tower
08:48 Scout Tower
09:04 Guard Tower
09:04 Guard Tower
09:07 Guard Tower
09:07 Guard Tower
09:08 Guard Tower
09:09 Guard Tower
09:19 Arcane Tower
09:19 Arcane Tower
09:20 Castle
09:25 Town Hall
09:27 Scout Tower
09:28 Scout Tower
09:29 Scout Tower
09:32 Scout Tower
09:38 Scout Tower
09:39 Scout Tower
09:41 Scout Tower
09:44 Scout Tower
10:09 Guard Tower
10:09 Guard Tower
10:12 Scout Tower
10:19 Scout Tower
10:20 Scout Tower
10:21 Scout Tower
10:28 Scout Tower
10:43 Guard Tower
10:44 Guard Tower
10:50 Guard Tower
10:51 Guard Tower
10:51 Guard Tower
10:55 Guard Tower
10:56 Guard Tower
10:56 Guard Tower
10:56 Guard Tower
10:56 Guard Tower
11:00 Scout Tower
11:03 Arcane Tower
11:07 Scout Tower
11:12 Scout Tower
11:13 Scout Tower
11:17 Scout Tower
11:26 Scout Tower
12:01 Guard Tower
12:01 Guard Tower
12:05 Gryphon Aviary
12:07 Gryphon Aviary
12:08 Gryphon Aviary
12:11 Gryphon Aviary
12:15 Gryphon Aviary
13:02 Guard Tower
13:48 Scout Tower
13:48 Scout Tower
13:49 Scout Tower
13:50 Scout Tower
13:51 Scout Tower
13:55 Scout Tower
14:02 Scout Tower
14:03 Scout Tower
14:04 Scout Tower
14:47 Guard Tower
14:48 Guard Tower
14:48 Guard Tower
14:48 Guard Tower
16:32 Scout Tower
16:33 Scout Tower
16:34 Scout Tower
16:35 Scout Tower
16:37 Scout Tower
16:42 Scout Tower
16:45 Town Hall
16:47 Scout Tower
16:48 Scout Tower
16:50 Scout Tower
16:53 Scout Tower
17:28 Guard Tower
17:29 Guard Tower
17:30 Arcane Tower
17:30 Arcane Tower
17:31 Arcane Tower
17:33 Scout Tower
17:34 Scout Tower
17:36 Scout Tower
17:36 Scout Tower
17:39 Scout Tower
17:41 Scout Tower
17:44 Scout Tower
17:45 Scout Tower
17:56 Scout Tower
17:57 Scout Tower
17:58 Scout Tower
18:00 Scout Tower
18:01 Scout Tower
18:05 Scout Tower
18:08 Guard Tower
18:33 Guard Tower
18:33 Guard Tower
18:34 Guard Tower
18:34 Guard Tower
18:34 Guard Tower
18:35 Guard Tower
18:35 Guard Tower
18:35 Guard Tower
18:36 Guard Tower
18:37 Guard Tower
18:37 Guard Tower
20:30 Scout Tower
20:30 Scout Tower
20:31 Scout Tower
20:32 Scout Tower
20:33 Scout Tower
20:43 Scout Tower
20:46 Scout Tower
21:06 Guard Tower
21:06 Guard Tower
21:23 Guard Tower
21:33 Scout Tower
21:36 Scout Tower
21:38 Scout Tower
21:41 Scout Tower
21:45 Scout Tower
22:18 Guard Tower
22:19 Guard Tower
22:19 Guard Tower
22:37 Arcane Sanctum
22:39 Guard Tower
22:39 Guard Tower
22:42 Guard Tower
22:42 Guard Tower
22:48 Farm
25:49 Scout Tower
25:51 Scout Tower
25:52 Scout Tower
26:07 Scout Tower
26:08 Scout Tower
26:09 Scout Tower
26:10 Scout Tower
26:11 Scout Tower
26:13 Scout Tower
27:31 Guard Tower
27:31 Guard Tower
27:35 Guard Tower
30:40 Farm
30:41 Farm
31:03 Arcane Vault
32:34 Scout Tower
32:35 Scout Tower
32:36 Scout Tower
32:37 Scout Tower
32:39 Scout Tower
32:40 Scout Tower
32:54 Farm
33:11 Guard Tower
33:11 Guard Tower
33:36 Guard Tower
33:36 Guard Tower
33:38 Guard Tower
33:38 Guard Tower
34:04 Town Hall
34:06 Scout Tower
34:07 Scout Tower
34:16 Farm
34:21 Farm
34:38 Guard Tower
36:58 Town Hall
37:40 Scout Tower
37:41 Scout Tower
37:42 Scout Tower
37:43 Scout Tower
37:47 Scout Tower
38:13 Guard Tower
38:13 Guard Tower
38:18 Guard Tower
38:18 Guard Tower
» items
| Scroll of Regeneration | 3 | |
| Mantle of Intelligence +3 | 1 | |
| Periapt of Vitality | 2 | |
| Staff of Teleportation | 1 | |
| Scroll of Town Portal | 3 | |
| Orb of Corruption | 1 | |
| Orb of Venom | 1 | |
| Ivory Tower | 6 | |
| Mechanical Critter | 3 | |
| Lesser Clarity Potion | 1 | |
| Staff of Sanctuary | 1 | |
| Potion of Healing | 2 | |
| Potion of Mana | 1 | |
26 total
MIKEWEN (
teal | 30 APM | 665 actions | 22:06)
2 Death Knight
1 Death Coil
1 Death Pact
3 Blademaster
1 Wind Walk
2 Mirror Image
3 Shadow Hunter
2 Hex
1 Healing Wave
» actions
| Assign group hotkey | 17 | |
| Basic commands | 15 | |
| Build / train | 58 | |
| Enter build submenu | 23 | |
| Enter hero's abilities submenu | 8 | |
| Right click | 139 | |
| Select / deselect | 190 | |
| Select group hotkey | 148 | |
| Use ability | 67 | |
665 total
» units
| Peon | 7 | |
| Ghoul | 3 | |
| Troll Headhunter/Berserker | 6 | |
| Grunt | 4 | |
| Crypt Fiend | 7 | |
| Demolisher | 1 | |
| Troll Batrider | 7 | |
35 total
» upgrades
| Ranged Weapons | 1 | |
| Web | 1 | |
| Troll Regeneration | 1 | |
| Melee Weapons | 1 | |
| Freezing Breath | 1 | |
5 total
» buildings
| Orc Burrow | 8 | |
| Altar of Storms | 1 | |
| Barracks | 2 | |
| War Mill | 1 | |
| Graveyard | 1 | |
| Stronghold | 1 | |
| Voodoo Lounge | 1 | |
| Beastiary | 2 | |
| Ziggurat | 1 | |
| Watch Tower | 3 | |
| Great Hall | 1 | |
22 total
» build order
00:38 Orc Burrow
00:47 Altar of Storms
01:08 Barracks
01:49 Barracks
02:00 War Mill
02:22 Orc Burrow
02:52 Graveyard
04:40 Stronghold
04:56 Orc Burrow
05:47 Orc Burrow
08:24 Orc Burrow
09:30 Orc Burrow
09:37 Voodoo Lounge
10:52 Orc Burrow
13:30 Beastiary
13:36 Beastiary
14:13 Ziggurat
15:07 Orc Burrow
17:58 Watch Tower
18:02 Watch Tower
18:08 Great Hall
18:17 Watch Tower
» items
| Potion of Healing | 1 | |
| Potion of Mana | 1 | |
| Periapt of Vitality | 1 | |
| Lesser Clarity Potion | 2 | |
| Scroll of Speed | 1 | |
6 total
team 2 (loser)

»
MoonPtn_ (
blue | 90 APM | 3653 actions | 40:43)
8 Keeper of the Grove
3 Entangling Roots
3 Thorns Aura
1 Tranquility
1 Force of Nature
8 Crypt Lord
3 Carrion Beetles
3 Impale
1 Locust Swarm
1 Spiked Carapace
» actions
| Assign group hotkey | 68 | |
| Basic commands | 222 | |
| Build / train | 129 | |
| Enter build submenu | 25 | |
| Enter hero's abilities submenu | 16 | |
| Give item / drop item | 3 | |
| Remove unit from queue | 5 | |
| Right click | 888 | |
| Select / deselect | 597 | |
| Select group hotkey | 1567 | |
| Use ability | 130 | |
3653 total
» units
| Acolyte | 7 | |
| Ghoul | 10 | |
| Wisp | 8 | |
| Archer | 7 | |
| Crypt Fiend | 16 | |
| Hippogryph | 6 | |
| Frost Wyrm | 7 | |
| Chimaera | 9 | |
70 total
» upgrades
| Creature Attack | 2 | |
| Creature Carapace | 3 | |
| Web | 1 | |
| Burrow | 1 | |
| Strength of the Wild | 3 | |
| Reinforced Hides | 3 | |
| Freezing Breath | 1 | |
14 total
» buildings
| Ziggurat | 9 | |
| Crypt | 1 | |
| Altar of Darkness | 3 | |
| Graveyard | 1 | |
| Nerubian Tower | 1 | |
| Moon Well | 4 | |
| Tomb of Relics | 1 | |
| Hunter's Hall | 1 | |
| Halls of the Dead | 2 | |
| Black Citadel | 1 | |
| Tree of Eternity | 1 | |
| Ancient of Wind | 2 | |
| Sacrificial Pit | 1 | |
| Boneyard | 2 | |
| Chimaera Roost | 2 | |
32 total
» build order
00:08 Ziggurat
00:12 Crypt
00:57 Altar of Darkness
01:00 Graveyard
01:14 Nerubian Tower
02:02 Ziggurat
02:12 Moon Well
02:36 Tomb of Relics
02:46 Hunter's Hall
03:40 Halls of the Dead
04:16 Ziggurat
04:56 Moon Well
05:57 Moon Well
05:58 Moon Well
06:15 Black Citadel
06:51 Tree of Eternity
06:55 Ancient of Wind
06:55 Ancient of Wind
07:19 Sacrificial Pit
07:22 Ziggurat
07:23 Ziggurat
08:49 Boneyard
08:50 Boneyard
09:19 Chimaera Roost
09:24 Chimaera Roost
10:50 Ziggurat
10:50 Ziggurat
16:22 Ziggurat
16:22 Ziggurat
35:01 Altar of Darkness
36:54 Altar of Darkness
» items
| Rod of Necromancy | 2 | |
| Dust of Appearance | 1 | |
| Potion of Healing | 2 | |
| Scroll of Healing | 2 | |
| Potion of Lesser Invulnerability | 1 | |
| Scroll of Protection | 1 | |
9 total
JEWbacca (
pink | 20 APM | 28 actions | 01:22)
» actions
| Build / train | 5 | |
| ESC pressed | 1 | |
| Enter build submenu | 3 | |
| Right click | 8 | |
| Select / deselect | 8 | |
| Use ability | 3 | |
28 total
» units
» buildings
| Altar of Elders | 1 | |
| Moon Well | 1 | |
| Ancient of War | 1 | |
3 total
» build order
00:07 Altar of Elders
00:11 Moon Well
01:07 Ancient of War
MarxismLeninism (
orange | 36 APM | 1627 actions | 45:43)
10 Blademaster
3 Wind Walk
3 Critical Strike
1 Bladestorm
3 Mirror Image
» actions
| Assign group hotkey | 25 | |
| Basic commands | 93 | |
| Build / train | 57 | |
| Enter build submenu | 52 | |
| Enter hero's abilities submenu | 10 | |
| Give item / drop item | 5 | |
| Remove unit from queue | 1 | |
| Right click | 713 | |
| Select / deselect | 307 | |
| Select group hotkey | 191 | |
| Use ability | 173 | |
1627 total
» units
| Peon | 10 | |
| Grunt | 3 | |
| Goblin Shredder | 2 | |
| Goblin Sapper | 2 | |
| Troll Batrider | 1 | |
| Wind Rider | 1 | |
19 total
» upgrades
| Ranged Weapons | 3 | |
| Armor | 3 | |
| Pillage | 1 | |
| Troll Regeneration | 1 | |
| Envenomed Spears | 1 | |
| Liquid Fire | 1 | |
| Ensnare | 1 | |
| Reinforced Defenses | 1 | |
12 total
» buildings
| Orc Burrow | 7 | |
| Altar of Storms | 1 | |
| Barracks | 1 | |
| Voodoo Lounge | 1 | |
| Stronghold | 1 | |
| War Mill | 1 | |
| Great Hall | 6 | |
| Watch Tower | 21 | |
| Fortress | 1 | |
| Beastiary | 15 | |
55 total
» build order
00:18 Orc Burrow
00:57 Altar of Storms
00:58 Barracks
01:19 Orc Burrow
01:46 Voodoo Lounge
03:19 Stronghold
03:54 Orc Burrow
04:43 War Mill
05:22 Great Hall
06:32 Watch Tower
06:33 Watch Tower
06:34 Watch Tower
06:34 Watch Tower
08:06 Fortress
08:12 Watch Tower
08:12 Watch Tower
08:12 Watch Tower
08:13 Watch Tower
08:15 Watch Tower
08:15 Watch Tower
08:16 Watch Tower
09:06 Orc Burrow
09:26 Beastiary
09:28 Beastiary
09:33 Beastiary
11:24 Beastiary
11:27 Beastiary
11:28 Beastiary
11:38 Beastiary
12:39 Great Hall
13:27 Watch Tower
13:28 Watch Tower
13:30 Watch Tower
13:30 Watch Tower
13:31 Watch Tower
13:37 Watch Tower
17:00 Orc Burrow
19:05 Great Hall
19:08 Great Hall
19:15 Great Hall
21:25 Great Hall
23:05 Watch Tower
23:55 Orc Burrow
23:58 Orc Burrow
25:10 Watch Tower
27:14 Beastiary
27:14 Beastiary
27:15 Beastiary
27:17 Beastiary
27:18 Beastiary
27:19 Beastiary
27:27 Beastiary
27:31 Beastiary
» items
| Healing Salve | 3 | |
| Boots of Speed | 1 | |
| Staff of Teleportation | 2 | |
| Lesser Clarity Potion | 2 | |
| Gloves of Haste | 1 | |
| Scroll of Regeneration | 1 | |
| Periapt of Vitality | 1 | |
| Orb of Corruption | 1 | |
12 total
swaggot (
purple | 52 APM | 1924 actions | 37:10)
8 Archmage
3 Summon Water Elemental
3 Brilliance Aura
1 Mass Teleport
1 Blizzard
1 Keeper of the Grove
1 Entangling Roots
» actions
| Assign group hotkey | 3 | |
| Basic commands | 2 | |
| Build / train | 113 | |
| ESC pressed | 3 | |
| Enter build submenu | 56 | |
| Enter hero's abilities submenu | 9 | |
| Remove unit from queue | 1 | |
| Right click | 953 | |
| Select / deselect | 614 | |
| Select group hotkey | 36 | |
| Use ability | 131 | |
1924 total
» units
| Peasant | 26 | |
| Footman | 4 | |
| Huntress | 1 | |
| Rifleman | 8 | |
| Knight | 6 | |
| Chimaera | 1 | |
| Priest | 8 | |
| Mortar Team | 8 | |
| Sorceress | 1 | |
| Hippogryph | 1 | |
64 total
» upgrades
| Masonry | 1 | |
| Strength of the Moon | 1 | |
| Gunpowder | 3 | |
| Plating | 1 | |
| Armor | 1 | |
| Lumber Harvesting | 1 | |
| Swords | 2 | |
| Corrosive Breath | 1 | |
| Priest Training | 2 | |
| Sorceress Training | 1 | |
14 total
» buildings
| Altar of Kings | 2 | |
| Barracks | 2 | |
| Farm | 15 | |
| Lumber Mill | 1 | |
| Blacksmith | 1 | |
| Scout Tower | 21 | |
| Tree of Ages | 1 | |
| Guard Tower | 11 | |
| Keep | 2 | |
| Town Hall | 5 | |
| Moon Well | 4 | |
| Castle | 4 | |
| Arcane Vault | 1 | |
| Arcane Sanctum | 2 | |
| Arcane Tower | 2 | |
| Workshop | 1 | |
75 total
» build order
00:09 Altar of Kings
00:14 Barracks
00:45 Farm
01:04 Lumber Mill
02:19 Farm
02:28 Farm
03:07 Farm
03:35 Farm
03:40 Blacksmith
03:50 Scout Tower
04:14 Tree of Ages
04:37 Farm
04:38 Guard Tower
05:04 Keep
05:18 Farm
05:41 Town Hall
05:59 Scout Tower
06:29 Scout Tower
06:31 Guard Tower
07:05 Moon Well
07:07 Moon Well
07:08 Guard Tower
07:20 Scout Tower
07:33 Castle
07:34 Castle
08:31 Arcane Vault
08:35 Moon Well
08:36 Moon Well
08:51 Farm
08:52 Guard Tower
09:32 Barracks
09:40 Scout Tower
10:14 Arcane Sanctum
10:17 Arcane Tower
11:05 Scout Tower
13:18 Workshop
13:30 Scout Tower
15:02 Farm
18:51 Arcane Sanctum
19:13 Farm
19:15 Farm
24:05 Farm
24:07 Farm
24:09 Farm
24:46 Farm
29:13 Town Hall
30:13 Town Hall
30:19 Town Hall
31:56 Scout Tower
32:07 Scout Tower
32:09 Scout Tower
32:32 Scout Tower
32:35 Scout Tower
32:39 Scout Tower
32:49 Scout Tower
32:51 Scout Tower
32:52 Guard Tower
32:58 Altar of Kings
33:18 Guard Tower
33:25 Guard Tower
33:32 Scout Tower
33:47 Scout Tower
33:59 Scout Tower
34:01 Guard Tower
34:04 Scout Tower
34:20 Guard Tower
34:23 Scout Tower
34:29 Scout Tower
34:30 Arcane Tower
34:43 Town Hall
36:31 Keep
Chat log
(00:13 / All) VictrixInvictus: This game is property of the level 1s
(00:18 / All) VictrixInvictus: I do not appreciate high levels in my games
(00:27 / All) MarxismLeninism: Gold? Lumber?
(00:32 / All) MarxismLeninism: Contribute to the war effort
(00:38 / All) JEWbacca: allyourbasearebelongtous
(00:41 / All) swaggot: share it equally
(00:44 / All) VictrixInvictus: iseedeadpeople
(01:11 / All) MarxismLeninism: The bourgeouis are resource hoarders
(01:14 / Allies) VictrixInvictus: stay
(01:15 / Allies) VictrixInvictus: stay
(01:16 / Allies) VictrixInvictus: stay
(01:24 / All) VictrixInvictus: We must topple the 1%
(01:31 / All) VictrixInvictus: This is now a 3v3
(01:40 / Allies) diksaxet: who control red?
(01:46 / Allies) VictrixInvictus: Not me
(01:46 / All) swaggot: 2v3
(01:53 / All) VictrixInvictus: Oh?
(02:56 / All) MarxismLeninism: THE PROLETARIAT SHALL RISE, IF THEY SHARE THEIR RESOURCES TO ME
(03:16 / All) MarxismLeninism: WE SHALL DESTROY THE FASCIST DOGS AND ANTI-SEMITES IF YOU SHARE YOUR RESOURCES TO ME
(03:36 / All) MarxismLeninism: DO NOT HOARD YOUR LUMBER THOUGH THE NIGHTS ARE COLD
(03:40 / All) MarxismLeninism: CONTRIBUTE TO TEH WAR EFFORT
(12:27 / Allies) VictrixInvictus: wood
(13:19 / All) MarxismLeninism: Close one
(16:03 / Allies) diksaxet: noobs
(16:12 / Allies) diksaxet: teal u suck
(16:28 / All) diksaxet: poor teal
(16:29 / All) diksaxet: lol
(16:33 / All) diksaxet: he thinks he wins...
(16:48 / All) MarxismLeninism: maybe he does
(16:49 / All) diksaxet: yellow 0 units
(16:57 / All) VictrixInvictus: No I have 2
(16:59 / All) VictrixInvictus: my am and 1 gryphon
(17:04 / All) VictrixInvictus: oh 3 units!
(17:07 / All) MarxismLeninism: I have 28 food
(17:16 / All) MarxismLeninism: Mostly peons
(17:17 / All) diksaxet: mass gryff idiot
(17:22 / All) MarxismLeninism: 13 shreddars and hero
(19:07 / All) VictrixInvictus: Green trying to kill my am lol
(19:27 / All) VictrixInvictus: Green is a tker
(19:30 / All) VictrixInvictus: He is killing teal
(20:09 / All) VictrixInvictus: raped
(20:23 / All) diksaxet: idiot
(20:26 / All) diksaxet: lol
(20:36 / All) VictrixInvictus: You are the tker bro not me
(20:39 / All) VictrixInvictus: I am reporting you to Blizzard
(20:46 / All) diksaxet: u and teal
(20:56 / All) diksaxet: report my dick to your mom
(21:01 / All) diksaxet: piece of shit tower noob
(21:11 / All) diksaxet: u mass tower like a fuking retard
(21:21 / All) VictrixInvictus: I am a tower pro bro
(21:25 / All) VictrixInvictus: Not a tower noob
(21:32 / All) diksaxet: no u r a piece3 of shit
(21:52 / All) VictrixInvictus: At least I don't tk my allies bro
(21:54 / All) VictrixInvictus: That's bad mannered
(21:56 / All) diksaxet: 4 mines with thowsands of towers
(21:59 / All) diksaxet: real smart
(22:44 / All) diksaxet: he is making mass towers...
(22:45 / All) diksaxet: lol
(22:49 / All) diksaxet: what a jerk
(22:51 / All) VictrixInvictus: I have been all game
(22:54 / All) VictrixInvictus: I am gonna win this
(22:57 / All) VictrixInvictus: You will all bow before me
(23:06 / All) diksaxet: sure u will
(23:13 / All) diksaxet: if they get bored maybe
(23:22 / All) VictrixInvictus: They will
(23:25 / All) VictrixInvictus: No one can win this in the end
(23:33 / All) VictrixInvictus: Hence I am Victrix Invictus
(23:38 / All) VictrixInvictus: Unconquerable Victory
(24:03 / All) diksaxet: give me gold
(26:11 / All) diksaxet: gold
(26:13 / All) diksaxet: 200
(27:03 / All) swaggot: you fucking moron
(27:09 / All) diksaxet: what a noob
(27:13 / All) diksaxet: omg
(27:49 / All) swaggot: bye
(27:53 / All) VictrixInvictus: You left a riflemen behind
(27:54 / All) VictrixInvictus: Thanks
(28:12 / All) VictrixInvictus: Hi
(28:59 / All) swaggot: :P
(29:02 / All) VictrixInvictus: What?
(29:05 / All) MarxismLeninism: Fuck kulaks
(33:14 / All) VictrixInvictus: I have dhawks dumbass
(33:22 / All) diksaxet: lol
(33:56 / All) diksaxet: i cant believe he is owning u guys alone
(33:58 / Allies) VictrixInvictus: I told you I would 1v4 this and I am
(34:00 / All) diksaxet: lol
(34:14 / All) diksaxet: lol
(34:21 / All) diksaxet: i´m stunned....
(35:38 / All) diksaxet: orange is tking purple
(35:39 / All) diksaxet: lol
(35:45 / All) swaggot: :D
(35:59 / All) MarxismLeninism: Contribute to the war effort, or you will be branded a TRAITOR
(36:10 / All) MoonPtn_: oranj noob :DDDD
(36:16 / All) diksaxet: lol
(36:30 / All) MarxismLeninism: You suffered a traitor's death
(36:31 / All) VictrixInvictus: I 1v4ed this you should all leave
(36:34 / All) diksaxet: how the fuk this is possile???????
(36:37 / All) VictrixInvictus: It must have been embarassing
(36:49 / All) diksaxet: lolol
(37:10 / All) VictrixInvictus: He pulled the plug because he didn't want to be executed in the Gulag
(37:10 / All) diksaxet: i´m stunned...
(37:24 / All) MarxismLeninism: Green seems pretty stupid
(37:28 / All) MarxismLeninism: I bet he's a kulak
(37:28 / All) diksaxet: lol
(37:50 / All) diksaxet: but your momma love me orange ;)
(38:01 / All) MarxismLeninism: Thought you were going to kill us?
(38:05 / All) MarxismLeninism: You said last game you would
(38:15 / All) diksaxet: oh it is u
(38:28 / All) diksaxet: u change names all games?
(38:40 / All) MarxismLeninism: Aye hence you'll never get us
(38:54 / All) diksaxet: us? so who is the other one? :P
(38:58 / All) VictrixInvictus: lol
(39:06 / All) diksaxet: yelloWW!!!!????
(39:08 / All) diksaxet: wtf?
(39:09 / All) diksaxet: lol
(39:17 / All) VictrixInvictus: I told you this game is inconquerable, there is no win
(39:20 / All) VictrixInvictus: You will have equal chances
(39:47 / All) diksaxet: why u guys doing this?
(39:57 / All) diksaxet: what is the fun on that?
(40:01 / All) MarxismLeninism: You are enemies of the state
(40:05 / All) diksaxet: its obvious u r both pros..
(40:07 / All) VictrixInvictus: And you must be eliminated
(40:37 / All) diksaxet: so fuking weird...
(40:38 / All) VictrixInvictus: We don't like ruling classes in our games
(40:41 / All) VictrixInvictus: We making everything equal
(40:47 / All) VictrixInvictus: Every gets an equal chance at winning
(40:49 / All) VictrixInvictus: Well, not anymore
(40:54 / All) VictrixInvictus: For that traitor and fascist dog left
(40:56 / All) MarxismLeninism: Guess you have to lose, kulak
(41:27 / All) VictrixInvictus: Now you must get the loss
(41:38 / All) VictrixInvictus: Leave and the state will decide your fate and you will get a tie
(41:43 / All) VictrixInvictus: Stay and you get a loss and go into Gulag
(41:52 / All) diksaxet: lokl
(41:59 / All) diksaxet: u talking to me?
(42:02 / All) VictrixInvictus: yes I am
(42:09 / All) diksaxet: fuking crazy ppl
(42:21 / All) VictrixInvictus: We are MARXISTS, not crazy people
(42:22 / All) diksaxet: ahahahhahahha
(42:42 / All) MarxismLeninism: Marxist Lennonists, devote followers of Jacob Campbell the boy who never left home
(42:57 / All) diksaxet: no both got really important issues to solve
(43:03 / All) diksaxet: lol
(43:11 / All) VictrixInvictus: We will, once we get communism
(43:16 / All) VictrixInvictus: We need a perfect Marxist society
(43:22 / All) VictrixInvictus: We are working to a better future
(43:25 / All) VictrixInvictus: What can * you * say?
(43:54 / All) MarxismLeninism: Did you know this game rewards you for losing units then rebuilding them on the score screen?
(43:56 / All) diksaxet: well...i would say i would put a bullet into your head and your friends too with my 9 mm
(44:16 / All) diksaxet: :)
(44:21 / All) MarxismLeninism: You don't have one you bluff fascist dog
(44:29 / All) VictrixInvictus: In a mighty Marxist land that will not be needed, as we will put the bullet into your head before any counter revolution
(44:36 / All) VictrixInvictus: And we have already searched you
(44:37 / All) diksaxet: i wish u were in front of me :D
(44:37 / All) VictrixInvictus: You are unarmed
(44:45 / All) VictrixInvictus: Needless to say if you were, we have heavily armed guards ready to fire back
(45:05 / All) VictrixInvictus: We do not talk to fascist hounds, fascist fiends without precautions
(45:17 / All) VictrixInvictus: Any last words?
(45:18 / All) diksaxet: heil hitler :P
(45:22 / All) diksaxet: lol
(45:34 / All) diksaxet: that is my final word
(45:38 / All) VictrixInvictus: Those were two words